 Dungeon Crawl Stone Soup version 0.25.1-9-gc5326a611f (webtiles) character file.

Game seed: 11236463509449813548

21401 teolandon225 the Fighter (level 12, -16/118 HPs)
             Began as a Minotaur Berserker on Dec 25, 2020.
             Was a Priest of Trog.
             Demolished by a naga warrior
             ... wielding a +0 hand axe
              (27 damage)
             ... on level 1 of the Snake Pit.
             The game lasted 01:30:27 (14427 turns).

teolandon225 the Fighter (Minotaur Berserker)      Turns: 14427, Time: 01:30:27

Health: -16/118    AC: 10    Str: 27    XL:     12   Next: 53%
Magic:  11/11      EV: 23    Int:  4    God:    Trog [***...]
Gold:   841        SH:  0    Dex: 16    Spells: 11/11 levels left

rFire    . . .     SeeInvis .   b - +2 glaive (vorpal)
rCold    . . .     Gourm    .   (shield currently unavailable)
rNeg     . . .     Faith    .   I - +3 leather armour {MR+}
rPois    .         Spirit   .   S - +1 hat
rElec    .         Reflect  .   (no cloak)
rCorr    .         Harm     .   (no gloves)
MR       +....                  Y - +1 pair of boots
Stlth    +.........             (no amulet)
HPRegen  0.29/turn              r - +6 ring of dexterity
MPRegen  0.12/turn              x - +4 ring of evasion

@: lethally poisoned (-16 -> -17), berserk cooldown, slowed, very slow
A: retaliatory headbutt, horns 2
a: Berserk, Trog's Hand, Renounce Religion


You were on level 1 of the Snake Pit.
You worshipped Trog.
Trog was most pleased with you.
You were very hungry.

You visited 3 branches of the dungeon, and saw 15 of its levels.

You collected 841 gold pieces.

Inventory:

Hand Weapons
 a - a +0 dagger of venom
 b - a +2 vorpal glaive (weapon)
 C - a +1 trident of protection
Missiles
 K - 4 javelins (quivered)
Armour
 d - a +0 troll leather armour
 w - a +3 leather armour
 I - a +3 leather armour of magic resistance (worn)
 J - a +0 ring mail of fire resistance
 R - a +0 plate armour
 S - a +1 hat (worn)
 Y - a +1 pair of boots (worn)
Jewellery
 n - an uncursed amulet of regeneration {unknown}
 r - a +6 ring of dexterity (left hand)
 u - an uncursed ring of protection from cold
 x - a +4 ring of evasion (right hand)
 U - a +4 ring of protection
 V - an uncursed amulet of the acrobat {unknown}
 W - an uncursed ring of protection from magic
 X - a +6 ring of dexterity
 Z - a cursed amulet of inaccuracy {unknown}
Wands
 g - a wand of random effects (39)
 k - a wand of acid (4)
 l - a wand of polymorph (5)
 o - a wand of iceblast (10)
 F - a wand of enslavement (7)
 O - a wand of clouds (5)
Scrolls
 e - a scroll of fog
 f - 3 scrolls of enchant armour
 h - 7 scrolls of remove curse
 i - a scroll of magic mapping {unknown}
 j - a scroll of blinking
 t - 2 scrolls of fear
 z - 3 scrolls of teleportation
 B - a scroll of noise {unknown}
 D - a scroll of immolation
 M - 5 scrolls of identify
Potions
 m - 2 potions of stabbing
 p - a potion of might {unknown}
 G - 2 potions of mutation
 H - a potion of ambrosia {unknown}
 N - a potion of brilliance
 P - 2 potions of resistance {unknown}
 Q - 2 potions of flight {unknown}
Comestibles
 c - 3 rations


   Skills:
 * Level 14.4 Fighting
   Level 5.2(10.4) Axes
 * Level 13.6(14.0) Polearms
 + Level 10.5 Armour
 + Level 9.7 Dodging


You had 11 spell levels left.
You didn't know any spells.
Your spell library was empty.

Dungeon Overview and Level Annotations

Branches:
Dungeon (11/15)            Temple (0/1) D:4            Lair (3/6) D:11
  Snake (1/4) Lair:2          Orc (0/2) D:9
  Swamp: Lair:2-4    Shoals: Lair:2-4

Altars:
Ashenzari
Dithmenos
Hepliaklqana
Okawaru
Qazlal
Sif Muna
Trog
Uskayaw
Wu Jian
Xom
Yredelemnul
Zin
The Shining One


Innate Abilities, Weirdness & Mutations

You reflexively headbutt those who attack you in melee.
You have a pair of horns on your head.


Message History

* * * LOW HITPOINT WARNING * * *
x2 The naga warrior constricts you.
Okay, then.
You escape the naga warrior's grasp.
The naga warrior spits poison at you. The splash of poison hits you.
You are poisoned.
* * * LOW HITPOINT WARNING * * *
You feel better. The naga warrior spits poison at you.
The splash of poison hits you but does no damage.
You are poisoned.
Throwing (i - inventory)
K - 5 javelins (quivered)
Press: ? - help, Shift-Dir - straight line, f/p - naga warrior
Aim: a naga warrior, wielding a +0 hand axe (severely wounded, catching its breath)
You throw a javelin.
The javelin closely misses the naga warrior.
You feel sick. The naga warrior barely misses you. x2
The naga warrior hits you with a +0 hand axe!!
You die...

### ..#
###.#.####
#####.#.#....# #
........####.#.#
........@..รท<..#
###....N########
#..............
#.#.....#######
#.....# #(....#
#.....# #######


You could see a naga warrior (catching breath).

Vanquished Creatures
  The ghost of Fractals the Wallflower, a journeyman DsVM of Uskayaw (D:10)
  An anaconda (Snake:1)
  A two-headed ogre (D:10)
  Urug (Lair:2)
  An unseen horror (D:11)
  A cyclops (D:7)
  2 ugly things (D:11)
  2 black mambas (Snake:1)
  A spiny frog (Lair:2)
  Maggie (D:6)
  A komodo dragon (Lair:2)
  4 trolls (D:11)
  A hornet (D:11)
  Grinder (D:4)
  11 blink frogs
  8 hippogriffs
  Sigmund (D:4)
  The ghost of Gadfly the Magician, an amateur DEFE (D:4)
  A wraith (D:10)
  A shadow (D:11)
  3 yaks (Lair:1)
  A hungry ghost (D:11)
  A basilisk (Lair:1)
  A neqoxec (D:10)
  Menkaure (D:6)
  2 wargs (D:11)
  A water moccasin (Lair:1)
  4 porcupines
  Duvessa (D:7)
  4 orc warriors
  4 sky beasts
  2 ice beasts
  2 phantoms
  An eye of draining (D:11)
  2 black bears (D:8)
  A centaur (shapeshifter) (D:8)
  5 ogres
  5 centaurs
  2 crocodiles
  6 wolves (Lair:2)
  Blork the orc (D:4)
  A gnoll sergeant (D:10)
  11 bullfrogs
  A wyvern zombie (D:10)
  Dowan (D:7)
  3 scorpions
  A water moccasin skeleton (D:6)
  14 killer bees (D:10)
  10 howler monkeys
  3 electric eels (D:8)
  3 crimson imps
  A bullfrog zombie (D:11)
  4 quasits
  Crazy Yiuf (D:6)
  10 orc priests
  5 hounds
  4 jellies
  13 orc wizards
  A bullfrog skeleton (D:5)
  A centaur skeleton (D:7)
  2 iguanas (D:11)
  4 worker ants
  A killer bee zombie (D:6)
  A hound zombie (D:6)
  A howler monkey zombie (D:6)
  5 gnolls
  A river rat (Lair:2)
  17 adders
  2 howler monkey skeletons
  4 shadow imps
  An ooze (D:2)
  3 adder zombies
  An adder skeleton (D:8)
  2 worms (D:2)
  2 dart slugs
  4 leopard geckos
  44 orcs
  8 bats
  5 giant cockroaches
  11 goblins
  8 hobgoblins
  18 jackals
  8 quokkas
  2 frilled lizards (D:4)
  A jackal skeleton (D:5)
  7 kobolds
  3 leopard gecko skeletons
  2 quokka zombies (D:6)
  10 rats
  9 fungi
  3 plants (Lair:2)
  2 withered plants (D:6)
372 creatures vanquished.

Vanquished Creatures (collateral kills)
  Gastronok (D:8)
  Harold (D:8)
  A troll (D:11)
  An ice beast (D:7)
  A gnoll sergeant (D:9)
  3 wights (D:7)
  An orc priest (D:9)
  3 gnolls (D:9)
  An adder (D:7)
13 creatures vanquished.

Vanquished Creatures (others)
  2 fungi (Lair:2)
2 creatures vanquished.

Grand Total: 387 creatures vanquished

Notes
Turn   | Place    | Note
-------+----------+-------------------------------------------
     0 | D:1      | teolandon225 the Minotaur Berserker began the quest for the
                  | Orb.
     0 | D:1      | Reached XP level 1. HP: 19/19 MP: 0/0
   190 | D:1      | Reached XP level 2. HP: 23/27 MP: 1/1
   346 | D:1      | Reached skill level 4 in Fighting
   990 | D:2      | Reached XP level 3. HP: 33/33 MP: 2/2
  1235 | D:2      | Reached ** piety under Trog
  1687 | D:3      | Reached XP level 4. HP: 38/41 MP: 3/3
  2117 | D:3      | Reached *** piety under Trog
  2233 | D:3      | Reached XP level 5. HP: 47/47 MP: 4/4
  2276 | D:3      | Reached skill level 5 in Fighting
  2276 | D:3      | Reached skill level 5 in Axes
  2408 | D:4      | Found a runed translucent gate.
  2408 | D:4      | Found a runed translucent gate.
  2410 | D:4      | Found a runed translucent gate.
  2412 | D:4      | Noticed Gadfly's ghost (amateur DEFE)
  2481 | D:4      | Noticed Grinder
  2481 | D:4      | Paralysed by Grinder for 2 turns
  2491 | D:4      | Noticed an ogre
  2507 | D:4      | Killed Grinder
  2507 | D:4      | Reached XP level 6. HP: 57/57 MP: 5/5
  2521 | D:4      | Reached skill level 6 in Fighting
  2669 | D:4      | Found a staircase to the Ecumenical Temple.
  2680 | D:4      | Reached XP level 7. HP: 45/64 MP: 6/6
  2700 | D:4      | Noticed Sigmund
  2749 | D:4      | Killed Sigmund
  2881 | D:4      | Noticed Blork the orc
  2891 | D:4      | Killed Blork the orc
  2891 | D:4      | Reached skill level 7 in Fighting
  3043 | D:4      | Killed Gadfly's ghost
  3043 | D:4      | Reached skill level 5 in Polearms
  3043 | D:4      | Reached skill level 5 in Armour
  3043 | D:4      | Reached XP level 8. HP: 35/73 MP: 7/7
  3480 | D:4      | Found an iron altar of Okawaru.
  3701 | D:5      | Entered Level 5 of the Dungeon
  4332 | D:5      | Reached skill level 5 in Dodging
  4333 | D:5      | Reached skill level 8 in Fighting
  4612 | D:6      | Noticed Menkaure
  4627 | D:6      | Killed Menkaure
  4705 | D:6      | Reached **** piety under Trog
  4745 | D:6      | Noticed Maggie
  4766 | D:6      | Killed Maggie
  4988 | D:6      | Reached XP level 9. HP: 82/82 MP: 8/8
  5051 | D:6      | Reached skill level 9 in Fighting
  5226 | D:6      | Noticed a +0 dagger
  5227 | D:6      | Noticed a +0 hand axe
  5230 | D:6      | Found a hide-covered altar of Uskayaw.
  5363 | D:6      | Found a runed translucent door.
  5364 | D:6      | Noticed Crazy Yiuf
  5374 | D:6      | Killed Crazy Yiuf
  5483 | D:6      | Found a shimmering blue altar of Sif Muna.
  5856 | D:7      | You fall into a shaft and drop 2 floors!
  6062 | D:9      | Found a hazy altar of Hepliaklqana.
  6126 | D:8      | Noticed Harold
  6136 | D:8      | Killed Harold
  6136 | D:8      | Reached skill level 10 in Fighting
  6180 | D:7      | Noticed Duvessa
  6180 | D:7      | Noticed Dowan
  6185 | D:7      | Killed Duvessa
  6186 | D:7      | Killed Dowan
  6353 | D:7      | Noticed a cyclops
  6360 | D:7      | Killed a cyclops
  6360 | D:7      | Reached XP level 10. HP: 94/94 MP: 9/9
  6984 | D:8      | Reached skill level 11 in Fighting
  7451 | D:8      | Noticed Gastronok
  7724 | D:8      | Killed Gastronok
  7724 | D:8      | Reached skill level 10 in Polearms
  7894 | D:8      | Identified the cursed +1 dagger of the Undead {vorpal, rN+
                  | SInv}
  8119 | D:8      | Found a glowing silver altar of Zin.
  8126 | D:8      | Found an ornate altar of the Wu Jian Council.
  8126 | D:8      | Found a bloodstained altar of Trog.
  8127 | D:8      | Found a shadowy altar of Dithmenos.
  8128 | D:8      | Found a stormy altar of Qazlal.
  8129 | D:8      | Found a shattered altar of Ashenzari.
  8130 | D:8      | Found a basalt altar of Yredelemnul.
  8131 | D:8      | Found a glowing golden altar of the Shining One.
  8635 | D:10     | Entered Level 10 of the Dungeon
  8997 | D:9      | Found a staircase to the Orcish Mines.
  9244 | D:10     | Reached ***** piety under Trog
  9289 | D:10     | Found a transporter.
  9382 | D:10     | Reached skill level 12 in Fighting
  9442 | D:10     | Noticed Fractals's ghost (journeyman DsVM)
  9468 | D:10     | Found a transporter.
  9519 | D:10     | Noticed a two-headed ogre
  9533 | D:10     | Killed a two-headed ogre
  9533 | D:10     | Reached XP level 11. HP: 69/104 MP: 10/10
 10344 | D:10     | Killed Fractals's ghost
 10603 | D:11     | Found a staircase to the Lair.
 10663 | D:11     | Received a gift from Trog
 10708 | D:11     | Noticed a brown ugly thing
 10750 | D:11     | Killed a brown ugly thing
 10971 | D:11     | Found a shimmering altar of Xom.
 11071 | D:11     | Reached skill level 13 in Fighting
 11102 | D:11     | Killed an unseen horror
 11761 | D:11     | Noticed a cyan ugly thing
 11774 | D:11     | Killed a cyan ugly thing
 11941 | Lair:1   | Entered Level 1 of the Lair of Beasts
 12485 | Lair:1   | Reached XP level 12. HP: 115/115 MP: 11/11
 12724 | Lair:1   | Reached skill level 10 in Armour
 13460 | Lair:2   | Noticed a five-headed hydra
 13503 | Lair:2   | Reached skill level 14 in Fighting
 13525 | Lair:2   | Noticed Urug
 13533 | Lair:2   | Killed Urug
 13572 | Lair:2   | Found a staircase to the Snake Pit.
 13637 | Lair:2   | Noticed a five-headed hydra
 14162 | Snake:1  | Entered Level 1 of the Snake Pit
 14402 | Snake:1  | Noticed an anaconda
 14411 | Snake:1  | Killed an anaconda
 14412 | Snake:1  | Noticed a naga warrior
 14423 | Snake:1  | HP: 4/118 [naga warrior/+0 hand axe (2)]
 14427 | Snake:1  | Demolished by a naga warrior

Illustrated notes

Levels and vault maps discovered:
D:1:      dpeg_arrival_ternary, layout_basic, minmay_3d_cube
D:2:      minmay_evil_eye, layout_basic, first_ration, minmay_pentomino_q4
D:3:      layout_rooms, minmay_cut_off
D:4:      layout_loops_ring, kennysheep_mini,
          minmay_temple_entry_gardened_gates, gammafunk_ghost_split,
          uniq_blork_the_orc, uniq_grinder, uniq_sigmund
D:5:      layout_gridville
D:6:      layout_loops_ring, dancing_weapons_uskayaw, led_sif_book,
          serial_undead, serial_undead_e, serial_undead_c, serial_undead_c,
          serial_undead_b, minmay_misc_feat_pillars, uniq_menkaure,
          uniq_crazy_yiuf_cottage, uniq_maggie
D:7:      layout_basic, feat_on_display, uniq_duvessa
D:8:      layout_layer_cave, minitemple, kennysheep_island_fort, uniq_gastronok,
          uniq_harold
D:9:      layout_loops_ring, nicolae_overflow_crystal_walls, hiddenorc1_lemuel
D:10:     layout_stronghold, gammafunk_ghost_stat_death
D:11:     layout_loops_ring, erik_lair_orcish_takeover, basic_altar
Lair:1:   layout_cave_pods
Lair:2:   layout_loops_ring, dummy_snake_entry, pond, uniq_urug
Lair:3:   layout_big_grid, minmay_shoals_entry_lonely_mermaid, st_stairs_12,
          infiniplex_staircase_pool, grunt_megastairs_5
Snake:1:  skrybe_snakes_to_sticks, layout_basic, serial_shops, shop_fountains,
          uniq_aizul

Skill      XL: |  1  2  3  4  5  6  7  8  9 10 11 12 |
---------------+-------------------------------------+-----
Fighting       | 4 5 6 7 8 10 12 13 14 | 14.4
Axes           | 4 5 |  5.2
Armour         | 3 4 5 6 7 8 9 10 | 10.5
Dodging        | 3 4 5 6 7 9 |  9.7
Polearms       | 2 3 5 7 9 11 12 13 | 13.6

Action                   |  1- 3 |  4- 6 |  7- 9 | 10-12 || total
-------------------------+-------+-------+-------+-------++-------
Melee: Hand axe          |    81 |   103 |     5 |       ||   189
       Headbutt          |    10 |    20 |    55 |   126 ||   211
       Trident           |       |       |   292 |   313 ||   605
       Glaive            |       |       |       |   220 ||   220
Throw: Throwing net      |       |       |       |     3 ||     3
       Javelin           |       |       |       |     1 ||     1
Invok: Berserk           |     1 |     3 |    14 |    16 ||    34
       Trog's Hand       |       |     1 |       |     8 ||     9
       Brothers in Arms  |       |       |     3 |     6 ||     9
  Use: Scroll            |     4 |     1 |     4 |    15 ||    24
       Potion            |       |     1 |     4 |     5 ||    10
 Stab: Distracted        |       |       |     1 |     1 ||     2
       Sleeping          |       |       |     1 |       ||     1
  Eat: Chunk             |     1 |     3 |     5 |     4 ||    13
       Ration            |     1 |     1 |     6 |    12 ||    20
Armor: Animal skin       |    10 |       |       |       ||    10
       Leather armour    |    12 |    18 |    42 |    97 ||   169
       Chain mail        |    11 |       |       |       ||    11
       Skin              |       |       |    17 |       ||    17
Dodge: Dodged            |    54 |    95 |   145 |   492 ||   786
